 Dungeon Crawl Stone Soup version 0.26-a0-540-g8a0c9464d7 (webtiles) character file.

Game seed: 6518155261778061606

2230 Gorglomux the Cleaver (level 9, 0/80 HPs)
             Began as a Palentonga Fighter on Aug 21, 2020.
             Succumbed to a killer bee's poison
             ... on level 6 of the Dungeon.
             The game lasted 00:13:00 (7893 turns).

Gorglomux the Cleaver (Palentonga Fighter)          Turns: 7893, Time: 00:13:01

Health: 0/80       AC: 10    Str: 24    XL:     9   Next: 14%
Magic:  13/13      EV:  7    Int:  8    God:
Gold:   114        SH:  6    Dex:  9    Spells: 8/8 levels left

rFire    + . .     SeeInvis +   a - +0 war axe
rCold    . . .     Faith    .   e - +2 buckler
rNeg     . . .     Spirit   .   b - +0 scale mail
rPois    .         Reflect  .   (helmet restricted)
rElec    .         Harm     .   (no cloak)
rCorr    .                      s - +2 pair of gloves
MR       .....                  (boots restricted)
Stlth    ..........             r - amulet of regeneration
HPRegen  0.63/turn              p - ring of flight
MPRegen  0.13/turn              f - ring of protection from fire

@: lethally poisoned (0 -> -1), hasted, very quick
A: large, antennae 1, rugged brown scales 3, see invisible, clumsy 1, deformed
body, strong 1, no potion heal 1, roll, armoured tail
a: Rolling Charge, Evoke Flight


You were on level 6 of the Dungeon.
You visited 1 branch of the dungeon, and saw 6 of its levels.
You also visited: Sewer.

You collected 344 gold pieces.
You spent 230 gold pieces at shops.

Inventory:

Hand Weapons
 a - a +0 war axe (weapon)
 j - a +0 morningstar
Armour
 b - a +0 scale mail (worn)
 c - a +0 kite shield
 e - a +2 buckler (worn)
 s - a +2 pair of gloves (worn)
Jewellery
 f - a ring of protection from fire (right hand)
 p - a ring of flight (left hand)
 q - the ring "Fetarec" {+Blink rElec rC- MR+ Stlth+}
   (You took it off an orc on level 5 of the Dungeon)

   [ring of protection from magic]

   It makes you vulnerable to cold.
   It insulates you from electricity.
   It affects your resistance to hostile enchantments.
   It lets you blink.
   It makes you more stealthy.
 r - an amulet of regeneration (around neck)
Scrolls
 M - 2 scrolls of magic mapping
 R - 6 scrolls of identify
 T - a scroll of teleportation
 W - 3 scrolls of remove curse
Potions
 d - 2 potions of might
 h - 2 potions of cancellation
 i - a potion of stabbing
 l - a potion of flight
 o - a potion of brilliance
 H - 3 potions of haste


   Skills:
 + Level 8.3 Fighting
 + Level 9.0 Axes
 - Level 4.2 Armour
 - Level 4.2 Shields
   Level 6.3 Invocations
 - Level 5.2 Evocations


You had 8 spell levels left.
You didn't know any spells.
Your spell library was empty.

Dungeon Overview and Level Annotations

Branches:
Dungeon (6/15)              Sewer (visited)
 Temple: D:4-7

Altars:
Cheibriados
Makhleb
Okawaru
Sif Muna
Trog
Wu Jian
Xom
Yredelemnul

Shops:
D:4 ?


Innate Abilities, Weirdness & Mutations

You are completely covered in rugged brown scales. (AC +3, +7% HP)
You have supernaturally acute eyesight. (SInv)
Armour fits poorly on your strangely shaped body.
You can roll at foes to attack.
You have a long armoured tail.
You have a pair of small antennae on your head.
You are clumsy. (Dex -2)
Your muscles are strong. (Str +2)
Potions are less effective at restoring your health.


Message History

Your attack snaps the killer bee out of its fear.
Your tail-slap misses the killer bee.
The killer bee is severely wounded.
* * * LOW HITPOINT WARNING * * *
You feel sick.
Roll where?
Press: ? - help, Dir - move target cursor, f/p - killer bee
Aim: a killer bee (heavily wounded, fleeing)
You roll forward with a clatter of scales!
You miss the killer bee.
The killer bee is heavily wounded.
* * * LOW HITPOINT WARNING * * *
You feel sick.
Roll where?
Press: ? - help, Dir - move target cursor, f/p - killer bee
Aim: a killer bee (heavily wounded, fleeing)
You roll forward with a clatter of scales!
You strike the helpless killer bee from behind!
You slice the killer bee!!
You kill the killer bee!
* * * LOW HITPOINT WARNING * * *
You feel sick.
Really quaff the potion of mutation?
You feel extremely strange.
You feel stronger.
You feel clumsy.
Your system partially rejects the healing effects of potions.
A pair of antennae grows on your head!
* * * LOW HITPOINT WARNING * * *
You feel sick.
Okay, then.
As you read the scroll labeled BUEWEC DUSOOSTIA, it crumbles to dust.
You hear a loud clanging noise!
It was a scroll of noise.
* * * LOW HITPOINT WARNING * * *
You feel sick.
As you read the scroll of teleportation, it crumbles to dust.
You feel strangely unstable.
* * * LOW HITPOINT WARNING * * *
You feel sick.
* * * LOW HITPOINT WARNING * * *
You feel sick.
* * * LOW HITPOINT WARNING * * *
You feel sick.
* * * LOW HITPOINT WARNING * * *
You feel sick.
* * * LOW HITPOINT WARNING * * *
You feel sick.
Found 17 gold pieces.
Your surroundings suddenly seem different.
You die...

#.....# #.#
#.....# ......#
#.# #.....#
####.## #.#
#.....# #.# #<#
#.....# #.# #.#
#....(# #.# #.#
##.##[# #.#
#.######.##.#
..#
#.#.........# ##
#.....@#.####
###.##.#.#
#.##.#.#
#.#####.##...#
#............#
#..............#
#.#######.###).#
#>.....#
#####..#


There were no monsters in sight!

Vanquished Creatures
  Sigmund (D:5)
  A black bear (D:6)
  An ice beast (D:5)
  An ogre (D:6)
  2 phantoms
  A centaur (D:6)
  A big kobold (D:5)
  2 bullfrogs (Sewer)
  2 scorpions
  5 killer bees (D:6)
  A howler monkey (D:5)
  A centaur zombie (D:6)
  2 hounds
  A jelly (D:5)
  2 orc wizards
  A worker ant (D:4)
  A hound skeleton (D:4)
  3 gnolls
  8 adders
  2 ufetubi (D:5)
  An ooze (D:1)
  2 adder skeletons (D:4)
  5 worms
  4 dart slugs
  8 leopard geckos
  10 orcs
  8 bats
  13 giant cockroaches
  8 goblins
  6 hobgoblins
  An iguana (D:5)
  20 jackals
  2 quokkas (D:4)
  5 ball pythons
  A ball python zombie (D:5)
  13 frilled lizards
  10 kobolds
  A leopard gecko zombie (D:6)
  4 rats
161 creatures vanquished.

Notes
Turn   | Place    | Note
-------+----------+-------------------------------------------
     0 | D:1      | Gorglomux the Palentonga Fighter began the quest for the
                  | Orb.
     0 | D:1      | Reached XP level 1. HP: 19/19 MP: 1/1
   340 | D:1      | Reached XP level 2. HP: 25/25 MP: 2/2
   383 | D:1      | Reached XP level 3. HP: 30/31 MP: 3/3
   449 | D:1      | Reached skill level 3 in Axes
   952 | D:2      | Found a bloodstained altar of Trog.
  1512 | D:2      | Found a shimmering blue altar of Sif Muna.
  1545 | D:2      | Reached XP level 4. HP: 34/39 MP: 4/4
  1636 | D:2      | Found a shimmering altar of Xom.
  2286 | D:3      | Found a basalt altar of Yredelemnul.
  2396 | D:3      | Reached XP level 5. HP: 20/46 MP: 5/5
  2737 | D:3      | Reached skill level 4 in Axes
  2871 | D:3      | Found an ornate altar of the Wu Jian Council.
  3394 | D:3      | Found an iron altar of Okawaru.
  3569 | D:4      | Found a glowing drain.
  3902 | Sewer    | Entered a sewer
  4515 | Sewer    | Reached XP level 6. HP: 48/54 MP: 6/6
  5166 | D:4      | Reached skill level 5 in Axes
  5870 | D:4      | Reached skill level 6 in Fighting
  6001 | D:4      | Reached XP level 7. HP: 46/62 MP: 7/7
  6232 | D:4      | Found Hiawnuf's Magic Scroll Emporium.
  6240 | D:4      | Bought a scroll of remove curse for 30 gold pieces
  6262 | D:4      | Bought a scroll of teleportation for 30 gold pieces
  6262 | D:4      | Bought a scroll of magic mapping for 35 gold pieces
  6262 | D:4      | Bought a scroll of identify for 20 gold pieces
  6262 | D:4      | Bought a scroll of identify for 20 gold pieces
  6262 | D:4      | Bought a scroll of magic mapping for 35 gold pieces
  6262 | D:4      | Bought 3 scrolls of identify for 60 gold pieces
  6265 | D:4      | Reached skill level 8 in Axes
  6265 | D:4      | Reached skill level 6 in Invocations
  6265 | D:4      | Reached XP level 8. HP: 71/71 MP: 7/12
  6484 | D:5      | Entered Level 5 of the Dungeon
  6656 | D:5      | Found a shimmering altar of Xom.
  6732 | D:5      | Identified the ring "Fetarec" {+Blink rElec rC- MR+ Stlth+}
  6806 | D:5      | Noticed Sigmund
  6827 | D:5      | Killed Sigmund
  7101 | D:5      | Found a snail-covered altar of Cheibriados.
  7164 | D:5      | Found a burning altar of Makhleb.
  7789 | D:6      | Reached XP level 9. HP: 77/79 MP: 13/13
  7871 | D:6      | Reached skill level 9 in Axes
  7883 | D:6      | HP: 4/80 [poisoned by a killer bee]
  7884 | D:6      | Gained mutation: Your muscles are strong. (Str +2) [potion
                  | of mutation]
  7884 | D:6      | Gained mutation: You are clumsy. (Dex -2) [potion of
                  | mutation]
  7884 | D:6      | Gained mutation: Potions are less effective at restoring
                  | your health. [potion of mutation]
  7884 | D:6      | Gained mutation: You have a pair of small antennae on your
                  | head. [potion of mutation]
  7888 | D:6      | HP: 1/80 [poisoned by a killer bee]
  7893 | D:6      | Succumbed to a killer bee's poison

Illustrated notes

Levels and vault maps discovered:
D:1:      minmay_arrival_three_doors, layout_loops_ring, serial_bayou_pond_a
D:2:      layout_loops_ring, overflow_temple_1_default, old_standard_altar,
          marbit_many_paths, minmay_tromino_v4_a
D:3:      layout_loops_ring, lemuel_doored_altar, yredelemnul_altar_generic,
          okawaru_altar_gauntlet_db
D:4:      layout_basic, serial_shops, shop_fountains,
          cheibrodos_sewer_entry_bend, minmay_between
D:5:      minmay_evil_eye, layout_basic, lemuel_crystal_altar, kennysheep_mini,
          minivault_14, dk_xom_monty_hall, uniq_sigmund
D:6:      cheibrodos_quashed, layout_loops_ring, basic_altar, bh_walls_and_bars

Skill      XL: |  1  2  3  4  5  6  7  8  9 |
---------------+----------------------------+-----
Axes           | 3 4 5 8 9 |  9.0
Fighting       | 4 5 6 7 8 |  8.3
Armour         | 4 |  4.2
Shields        | 4 |  4.2
Invocations    | 6 |  6.3
Evocations     | 5 |  5.2

Action                   |  1- 3 |  4- 6 |  7- 9 || total
-------------------------+-------+-------+-------++-------
Melee: War axe           |   133 |   381 |   140 ||   654
       Tailslap          |     8 |    22 |    10 ||    40
 Abil: Rolling Charge    |    25 |    49 |    23 ||    97
  Use: Scroll            |     4 |     7 |    11 ||    22
       Potion            |       |     1 |     7 ||     8
 Stab: Fleeing           |       |       |     3 ||     3
Armor: Scale mail        |    68 |   168 |   100 ||   336
Dodge: Dodged            |    37 |    91 |    73 ||   201
Block: Kite shield       |    65 |   116 |       ||   181
       Buckler           |       |    35 |    52 ||    87

Table legend: (Time is in decaauts)
 A = Elapsed time spent in this place.
 B = Non-inter-level travel time spent in this place.
 C = Inter-level travel time spent in this place.
 D = Time resting spent in this place.
 E = Time spent auto-exploring this place.
 F = Levels seen in this place.
 G = Mean time per level.
                   A        B        C        D        E       F      G
               +--------+--------+--------+--------+--------+-----+--------+
         Total |   8232 |   8108 |    124 |   1620 |   4802 |   7 | 1176.0 |
       Dungeon |   6960 |   6836 |    124 |   1111 |   4463 |   6 | 1160.0 |
         Sewer |   1271 |   1271 |      0 |    509 |    338 |   1 | 1271.0 |
               +--------+--------+--------+--------+--------+-----+--------+

Top non-repeatable levels by time:
     D:3: 1864 daAuts
     D:4: 1762 daAuts
   Sewer: 1271 daAuts
     D:5: 1134 daAuts
     D:2: 1008 daAuts
     D:1: 899 daAuts
     D:6: 292 daAuts
